 Dungeon Crawl Stone Soup version 0.16-a0-4013-gd591273 (webtiles) character file.

10912 dysrexia the Basher (level 11, -3/102 HPs)
             Began as a Black Draconian Abyssal Knight on Feb 16, 2015.
             Was a High Priest of Lugonu.
             Slain by a yak (15 damage)
             ... on level 2 of the Lair of Beasts on Feb 17, 2015.
             The game lasted 01:05:21 (15769 turns).

dysrexia the Basher (DrAK)                         Turns: 15769, Time: 01:05:21

Health: -3/102     AC: 10    Str: 15    XL:     11   Next: 42%
Magic:  31/31      EV: 12    Int: 13    God:    Lugonu [*****.]
Gold:   581        SH:  9    Dex: 15    Spells: 0 memorised, 10 levels left

rFire  + . .     SeeInvis .     L - +2 whip (elec)
rCold  x . .     Clarity  .     (armour unavailable)
rNeg   . . .     SustAb   .     D - +0 shield
rPois  .         Gourm    +     (helmet restricted)
rElec  +         Spirit   .     A - +0 cloak
rCorr  .         Warding  .     M - +0 pair of gloves
rMut   .         Stasis   .     w - +0 pair of boots
MR     .....                    n - amulet of the gourmand
Stlth  ++........               O - ring of magical power
                                E - ring of fire

@: not resistant to hostile enchantments, unstealthy
A: breathe lightning, unfitting armour, agile 1, electricity resistance,
cold-blooded, AC +7
a: Breathe Lightning, Depart the Abyss, Bend Space, Banish, Corrupt, Enter the
Abyss, Renounce Religion


You were on level 2 of the Lair of Beasts.
You worshipped Lugonu.
Lugonu was extremely pleased with you.
You were full.

You visited 2 branches of the dungeon, and saw 11 of its levels.
You visited the Abyss 1 time.
You also visited: Sewer.

You collected 581 gold pieces.

Inventory:

Hand weapons
 a - a +1 mace
 f - a +3 whip of venom
 u - a +0 blowgun
 L - a +2 whip of electrocution (weapon)
Missiles
 g - 22 stones (quivered)
 t - 20 poisoned needles
Armour
 w - a +0 pair of boots (worn)
 A - a +0 cloak (worn)
 D - a +0 shield (worn)
 M - a +0 pair of gloves (worn)
Jewellery
 e - an uncursed ring of loudness
 h - an uncursed amulet of resist corrosion
 n - an amulet of the gourmand (around neck)
 r - a cursed amulet of faith {unknown}
 E - a ring of fire (left hand)
 N - an uncursed amulet of regeneration {unknown}
 O - a ring of magical power (right hand)
Magical devices
 j - a wand of polymorph (0)
 q - a wand of flame (14)
 y - a wand of slowing (14)
 I - a wand of flame (13)
 J - a wand of random effects (21)
 K - a wand of random effects (35)
 T - a wand of heal wounds (3)
Scrolls
 d - 3 scrolls of enchant armour
 i - 4 scrolls of remove curse
 v - 2 scrolls of teleportation
 x - 2 scrolls of blinking
 z - 6 scrolls of identify
 B - a scroll of magic mapping
Potions
 k - 2 potions of might
 l - 2 potions of restore abilities
 o - 2 potions of agility
 s - 3 potions of brilliance
 F - 2 potions of magic
 H - a potion of experience {unknown}
Books
 p - a book of Beasts

   Spells                             Type                      Level
   a - Summon Butterflies             Summoning                    1
   b - Call Canine Familiar           Summoning                    3
   c - Summon Ice Beast               Ice/Summoning                4
   d - Summon Mana Viper              Hexes/Summoning              5
   e - Monstrous Menagerie            Summoning                    6
   f - Summon Hydra                   Summoning                    7
 C - a book of Geomancy

   Spells                             Type                      Level
   a - Sandblast                      Earth                        1
   b - Stoneskin                      Transmutation/Earth          2
   c - Passwall                       Transmutation/Earth          3
   d - Stone Arrow                    Conjuration/Earth            3
   e - Petrify                        Transmutation/Earth          4
   f - Lee's Rapid Deconstruction     Earth                        5
Comestibles
 b - a slice of pizza
 c - 16 bread rations
 m - 5 meat rations
 G - a royal jelly
 P - 4 fruits
 S - 2 beef jerkies


   Skills:
 * Level 11.1 Fighting
 - Level 12.6 Maces & Flails
 * Level 4.0 Dodging
 * Level 3.6 Shields
 + Level 7.4 Invocations


You had 10 spell levels left.
You didn't know any spells.

Dungeon Overview and Level Annotations

Branches:
Dungeon (9/15)             Temple (0/1) D:5            Lair (2/8) D:9
    Orc: D:9-12

Altars:
Elyvilon
Makhleb
Ru

Shops:
D:6 :   D:7 ((

Annotations:
D:4 1 runed door, Edmund
D:6 Prince Ribbit
D:8 Erolcha
Lair:1 Gastronok


Innate Abilities, Weirdness & Mutations

You can breathe wild blasts of lightning.
Your glossy black scales are hard (AC +7).
Your body does not fit into most forms of armour.
You are resistant to electric shocks.
Your cold-blooded metabolism reacts poorly to cold.
You are agile. (Dex +2)


Message History

Your shield prevents you from hitting the yak.
The yak is moderately wounded.
The yak closely misses you.
You closely miss the yak. You tail-slap the yak.
The yak is heavily wounded.
You barely miss the yak.
You tail-slap the yak, but do no damage.
The yak is heavily wounded.
The yak gores you.
* * * LOW HITPOINT WARNING * * *
You hit the yak but do no damage.
There is a sudden explosion of sparks!
The yak is severely wounded.
The yak gores you.
* * * LOW HITPOINT WARNING * * *
You hit the yak.
Your tail-slap misses the yak.
The yak is almost dead.
You barely miss the yak.
The yak is almost dead.
The yak gores you!
You die...

.#
##.YP..........P..PPPP≈P≈
..
#..##P.<......#..PP≈P≈≈≈
#...#.........#....P≈≈≈≈
#...##.............≈≈≈≈≈
..................≈≈≈≈≈≈
#...P#............≈≈≈≈≈≈≈
##..##.............≈≈P≈P≈
######Y#.........≈≈≈≈≈≈≈
###@#........≈P≈PPP≈
#......>.......≈P##♣
##...............##
#..............)##
##..............#
#..............#
##.............#
###............# ..##
#..#............


You could see a yak.

Vanquished Creatures
  2 spiny frogs
  A komodo dragon (Lair:2)
  3 blink frogs (Lair:1)
  A spriggan (D:7)
  16 yaks
  A hungry ghost (D:9)
  A steam dragon (D:9)
  3 hippogriffs
  6 wolves
  2 orc warriors
  8 water moccasins
  2 porcupines
  2 ice beasts
  2 ogres
  A sky beast (D:8)
  2 phantoms
  A necrophage (D:8)
  3 centaurs
  Sigmund (D:4)
  A crocodile (Lair:2)
  A big kobold (D:9)
  7 giant frogs
  A gnoll sergeant (D:9)
  3 wights (D:6)
  5 electric eels
  5 killer bees (D:8)
  2 crimson imps
  7 hounds
  An iron imp (D:3)
  3 centaur zombies
  5 orc priests
  2 giant frog zombies (D:8)
  2 gnoll shamans
  A centaur skeleton (D:5)
  4 iguanas
  3 orc wizards
  12 worker ants
  A quasit (D:6)
  10 sheep (Lair:1)
  2 hound skeletons
  A mummy (D:7)
  Robin (D:4)
  16 gnolls
  24 adders
  19 river rats
  2 shadow imps (D:8)
  A worm (D:6)
  An adder zombie (D:5)
  5 giant geckos
  3 oozes
  23 orcs
  7 ball pythons
  9 bats
  3 bat skeletons
  8 giant cockroaches
  22 goblins
  20 hobgoblins
  12 jackals
  17 kobolds
  3 quokkas
  17 giant newts
  A jackal skeleton (D:8)
  19 rats
  2 ballistomycetes (D:8)
  A butterfly (D:5)
373 creatures vanquished.

Vanquished Creatures (others)
  A two-headed ogre (D:9)
  An ice beast (D:8)
  A giant spore (D:8)
3 creatures vanquished.

Grand Total: 376 creatures vanquished

Notes
Turn   | Place    | Note
--------------------------------------------------------------
     0 | Abyss:1  | dysrexia, the Draconian Abyssal Knight, began the quest for the Orb.
     0 | Abyss:1  | Reached XP level 1. HP: 19/19 MP: 1/1
    60 | Abyss:1  | Noticed a large abomination
    67 | D:1      | Escaped the Abyss
   482 | D:1      | Acquired Lugonu's first power
   482 | D:1      | Reached XP level 2. HP: 26/26 MP: 2/2
   867 | D:2      | Reached XP level 3. HP: 26/31 MP: 3/3
  1121 | D:3      | Reached skill level 4 in Maces & Flails
  1407 | D:3      | Acquired Lugonu's second power
  1407 | D:3      | Reached XP level 4. HP: 23/38 MP: 5/5
  1538 | D:3      | Found a burning altar of Makhleb.
  1782 | D:3      | Reached skill level 5 in Maces & Flails
  1892 | D:4      | Noticed Robin
  1917 | D:4      | Reached XP level 5. HP: 23/45 MP: 6/6
  2083 | D:4      | Noticed Edmund
  2514 | D:3      | Reached skill level 6 in Maces & Flails
  2534 | D:3      | Acquired Lugonu's third power
  2656 | D:4      | Noticed a phantom
  2700 | D:4      | Killed a phantom
  2700 | D:4      | Reached XP level 6. HP: 24/51 MP: 7/7
  2824 | D:4      | Noticed Sigmund
  2846 | D:4      | Killed Sigmund
  2846 | D:4      | Reached skill level 7 in Maces & Flails
  2886 | D:4      | Killed Robin
  2978 | D:4      | Found a white marble altar of Elyvilon.
  2978 | D:4      | Noticed an angel
  2980 | D:4      | Found a runed door.
  3460 | D:5      | Entered Level 5 of the Dungeon
  3478 | D:5      | Your scales start taking on a glossy black colour.
  3478 | D:5      | Gained mutation: You are resistant to electric shocks. [draconian maturity]
  3478 | D:5      | Reached XP level 7. HP: 48/57 MP: 9/9
  3480 | D:5      | Found a staircase to the Ecumenical Temple.
  3841 | D:5      | Reached skill level 8 in Maces & Flails
  3949 | D:5      | Found a glowing drain.
  3973 | D:5      | Acquired Lugonu's fourth power
  4247 | Sewer    | Entered a sewer
  4398 | Sewer    | Reached skill level 9 in Maces & Flails
  4657 | Sewer    | Noticed 4thArraOfDagon's ghost (weakling HOMo)
  5543 | D:6      | Reached XP level 8. HP: 15/63 MP: 10/10
  5898 | D:6      | Found Thraer's Book Emporium.
  5960 | D:6      | Reached skill level 10 in Maces & Flails
  6708 | D:7      | Reached skill level 11 in Maces & Flails
  6799 | D:7      | Found Faplim's Weapon Boutique.
  6849 | D:7      | Noticed Prince Ribbit
  7208 | D:8      | Found a sacrificial altar of Ru.
  7507 | D:8      | Reached XP level 9. HP: 67/70 MP: 11/11
  7612 | D:8      | Noticed Erolcha
  7687 | D:8      | Reached skill level 12 in Maces & Flails
  7721 | D:8      | Acquired Lugonu's fifth power
  8924 | D:7      | Found Holoehat's Weapon Shoppe.
  9157 | D:8      | Reached skill level 5 in Fighting
  9487 | D:9      | Reached XP level 10. HP: 28/84 MP: 15/17
 10354 | D:9      | Reached skill level 5 in Invocations
 11466 | D:9      | Found a staircase to the Lair.
 11696 | Lair:1   | Entered Level 1 of the Lair of Beasts
 11716 | Lair:1   | Reached skill level 10 in Fighting
 12841 | Lair:1   | Gained mutation: You are agile. (Dex +2) [potion of beneficial mutation]
 12845 | Lair:1   | HP: 4/94 [poisoned by a water moccasin]
 13244 | Lair:1   | Reached skill level 1 in Shields
 13457 | Lair:1   | Noticed Gastronok
 13518 | Lair:1   | Reached XP level 11. HP: 53/101 MP: 21/21
 15769 | Lair:2   | Slain by a yak

Action                   |  1- 3 |  4- 6 |  7- 9 | 10-12 || total
-------------------------+-------+-------+-------+-------++-------
Melee: Whip              |    95 |   206 |   691 |   670 ||  1662
       Mace              |     1 |       |       |       ||     1
       Unarmed           |       |       |       |     1 ||     1
 Fire: Blowgun           |       |     4 |     4 |     3 ||    11
Invok: Depart the Abyss  |     1 |       |       |       ||     1
       Banish            |       |       |       |     5 ||     5
 Abil: Breathe Lightning |       |       |     3 |     4 ||     7
Evoke: Wand              |       |       |       |     1 ||     1
  Use: Scroll            |     7 |       |    14 |     1 ||    22
       Potion            |       |     1 |     2 |     5 ||     8
 Stab: Sleeping          |       |     1 |       |       ||     1
  Eat: Chunk             |    15 |     4 |    23 |    26 ||    68
